 Dungeon Sprint DCSS version 0.18-a0-1589-g520a787 (webtiles) character file.

411950 Oddball22 the Intangible (level 20, 0/194 HPs)
             Began as a Minotaur Fighter on Mar 19, 2016.
             Was the Champion of the Shining One.
             Splashed by an acid blob's acid (2 damage)
             ... in the Dungeon (Sprint IX: "|||||||||||||||||||||||||||||").
             The game lasted 00:53:02 (11765 turns).

Oddball22 the Intangible (Minotaur Fighter)        Turns: 11765, Time: 00:53:04

Health: 0/194      AC: 17    Str: 20    XL:     20   Next: 88%
Magic:  7/44       EV: 29    Int: 10    God:    the Shining One [******]
Gold:   1933       SH: 43    Dex: 24    Spells: 3 memorised, 56 levels left

rFire  + + .     SeeInvis .     o - +2 morningstar (crush)
rCold  + + .     Gourm    .     p - +9 plate armour of Vuach {rPois rC+ rN+}
rNeg   + + +     Faith    .     X - +0 large shield
rPois  +         Spirit   .     a - +2 hat {Int+3}
rElec  +         Dismiss  .     L - +0 cloak {MR+}
rCorr  +         Reflect  .     Q - +1 pair of gloves
SustAt .         Harm     .     K - +1 pair of boots
MR     +++..     NoTele   +     T - amulet "Cicys" {Fragile +Rage Int+2 Dex+6}
Stlth  ..........               C - ring of protection from fire
                                D - ring of protection from magic

@: exhausted, divine shield, resistant, corroded, slowed, glowing, very slow,
extremely resistant to hostile enchantments, extremely unstealthy
A: retaliatory headbutt, horns 2, frail 1, low mp 1, weak 1, no device heal 1
a: Divine Shield, Cleansing Flame, Summon Divine Warrior, Brand Weapon With Holy
Wrath, Renounce Religion, Evoke Berserk Rage
0: Orb of Zot
}: 6/15 runes: decaying, serpentine, barnacled, elven, silver, gossamer


You were in the Dungeon.
You worshipped the Shining One.
The Shining One was exalted by your worship.
You were very hungry.

You visited 1 branch You collected 1933 gold pieces.

Inventory:

Hand Weapons
 n - a +7 broad axe of freezing
 o - a +2 morningstar of crushing (weapon)
 q - the +5 executioner's axe of Integrity {antimagic, *Drain MR- Str+9 Stlth+}
   (You found it in the Dungeon)

   It disrupts the flow of magical energy around spellcasters and certain
   magical creatures (including the wielder).
   It affects your strength (+9).
   It affects your resistance to hostile enchantments.
   It causes draining when unequipped.
   It makes you more stealthy.
 P - a +2 arbalest of flaming
 W - a +5 eudemon blade of holy wrath
Missiles
 h - 13 javelins (quivered)
 s - 22 silver bolts
 A - 136 bolts
 I - 13 javelins of returning
Armour
 a - a +2 hat of intelligence (worn)
 p - the +9 plate armour of Vuach (worn) {rPois rC+ rN+}
   (You found it in the Dungeon)

   It protects you from cold.
   It protects you from poison.
   It protects you from negative energy.
 K - a +1 pair of boots (worn)
 L - a +0 cloak of magic resistance (worn)
 Q - a +1 pair of gloves (worn)
 X - a +0 large shield (worn)
Jewellery
 g - an uncursed ring of poison resistance
 B - an uncursed ring of flight
 C - a ring of protection from fire (right hand)
 D - a ring of protection from magic (left hand)
 E - an uncursed ring of protection from fire
 M - the ring "Figaam" {Fire Int+2}
   (You found it in the Dungeon)

   [ring of fire]

   It enhances your fire magic, and weakens your ice magic.
   It affects your intelligence (+2).
   It protects you from fire.
   It makes you vulnerable to cold.
 R - the ring "Zouqoxem" {rElec rF+ rC+ Dex-5 SInv}
   (You found it in the Dungeon)

   [ring of protection from fire]

   It affects your dexterity (-5).
   It protects you from fire.
   It protects you from cold.
   It insulates you from electricity.
   It lets you see invisible.
 S - the amulet of the Invisible Hand {Regen+ Int+7}
   (You found it in the Dungeon)

   [amulet of regeneration]

   It affects your intelligence (+7).
   It increases your rate of regeneration.
 T - the amulet "Cicys" (around neck) {Fragile +Rage Int+2 Dex+6}
   (You found it in the Dungeon)

   [amulet of rage]

   It affects your intelligence (+2).
   It affects your dexterity (+6).
   It lets you go berserk.
   It will be destroyed if unequipped.
 U - the amulet of Spontaneous Combustion {Dismiss Fragile rF+ MR++}
   (You found it in the Dungeon)

   [amulet of dismissal]

   It may teleport away creatures that harm you.
   It protects you from fire.
   It affects your resistance to hostile enchantments.
   It will be destroyed if unequipped.
Wands
 m - a wand of acid (7/15)
 O - a wand of hasting (5/9)
Scrolls
 j - 5 scrolls of remove curse
 k - 4 scrolls of blinking
 l - 3 scrolls of amnesia
 v - 2 scrolls of recharging
 x - 4 scrolls of fear
 y - 8 scrolls of enchant armour
 H - 5 scrolls of identify
Potions
 b - 6 potions of agility
 d - 3 potions of brilliance
 i - 3 potions of magic
 t - a potion of might
 F - 2 potions of resistance
 G - a potion of cure mutation
Books
 J - a book of Enchantments

   Spells                             Type                      Level
   a - Cause Fear                     Hexes                        4
   b - Yara's Violent Unravelling     Hexes/Transmutation          5
   c - Silence                        Hexes/Air                    5
   d - Deflect Missiles               Charms/Air                   6
   e - Haste                          Charms                       6
   f - Discord                        Hexes                        8
Miscellaneous
 V - a crystal ball of energy
Comestibles
 f - 12 bread rations
 u - 9 meat rations
 z - 39 fruits
 N - a royal jelly


   Skills:
 O Level 27 Fighting
 O Level 27 Axes
 O Level 27 Armour
 O Level 27 Dodging
 O Level 27 Shields
 O Level 27 Spellcasting
 + Level 11.4 Hexes
 + Level 11.4 Charms
 + Level 12.2 Air Magic
 O Level 27 Invocations


You had 56 spell levels left.
You knew the following spells:

 Your Spells              Type           Power        Failure   Level  Hunger
a - Silence               Hex/Air        #####.....   1%          5    ####...
b - Deflect Missiles      Chrm/Air       #####.....   14%         6    #####..
c - Haste                 Chrm           #####...     17%         6    #####..


Dungeon Overview and Level Annotations

Branches:
Dungeon (1/1)

Altars:
Cheibriados
Dithmenos
Elyvilon
Fedhas
Gozag
Kikubaaqudgha
Makhleb
Nemelex Xobeh
Okawaru
Pakellas
Qazlal
Ru
Sif Muna
Trog
Vehumet
Xom
Yredelemnul
Zin
The Shining One
Beogh
Jiyva
Lugonu

Shops:
D *%?}

Annotations:
D Royal Jelly


Innate Abilities, Weirdness & Mutations

You reflexively headbutt those who attack you in melee.
You have a pair of horns on your head.
You are frail (-10% HP).
Your magical capacity is low (-10% MP).
You are weak. (Str -2)
Potions and wands are less effective at restoring your health.


Message History

As you close the door, it creaks loudly!
You start resting.
You hear a slurping noise.
The acid blob eats the door!
Drink which item? (? for menu, Esc to quit)
You feel protected. You block the acid blob's attack.
The acid blob spits acid at you. The splash of acid hits you! You resist.
* * * LOW HITPOINT WARNING * * *
The acid burns!
You resist.
* * * LOW HITPOINT WARNING * * *
Drink which item? (? for menu, Esc to quit)
Okay, then.
Wield which item (- for none, * to show all)? (? for menu, Esc to quit)
Your +7 broad axe of freezing stops glowing.
o - a +2 morningstar of crushing (weapon)
You block the acid blob's attack.
You hit the acid blob but do no damage.
Your hands burn!
You die...

.')†.....'[)......')[).[....[.)).
▓▓▓▓▓▓▓▓▓▓▓▓▓▓▓▓▓▓▓▓▓▓▓▓▓▓▓▓▓▓▓▓▓
.................................
▓▓▓▓▓▓▓▓▓▓▓▓▓▓▓▓▓▓▓▓▓▓▓▓▓▓▓▓▓▓▓▓▓
....'.'.'.'...)..........'.......
▓▓▓▓▓▓▓▓▓▓▓▓▓▓▓▓▓▓▓▓▓▓▓▓▓▓▓▓▓▓▓▓▓
.................................
♣♣▓▓▓▓▓▓▓▓▓▓▓▓▓▓▓▓▓▓▓▓▓▓▓▓▓▓▓▓▓▓▓
..'))))))))))...@JJ.J..G..Jφ..J.G
♣♣▓▓▓▓▓▓▓▓▓▓▓▓▓▓▓▓▓▓▓▓▓▓▓▓▓▓▓▓▓▓▓


You could see 2 acid blobs, an azure jelly and an eye of draining.

Vanquished Creatures
  4 orbs of fire (D)
  Mennas (D)
  Mara (D)
  9 ancient liches (D)
  Boris (D)
  Saint Roka (D)
  Frederick (D)
  Norris (D)
  4 golden dragons (D)
  Jory (D)
  Nikola (D)
  A bone dragon (D)
  2 liches (D)
  2 electric golems (D)
  A tentacled monstrosity (D)
  29 Orb Guardians (D)
  A titan (D)
  4 deep elf blademasters (D)
  5 acid blobs (D)
  4 death cobs (D)
  2 sphinxes (D)
  Gastronok (D)
  Agnes (D)
  A thorn hunter (D)
  5 shadow dragons (D)
  4 greater nagas (D)
  Ilsuiw (D)
  2 draconian monks (D)
  3 azure jellies (D)
  2 storm dragons (D)
  A draconian knight (D)
  Louise (D)
  2 deep elf sorcerers (D)
  Maud (D)
  2 emperor scorpions (D)
  3 ghost moths (D)
  A large abomination (D)
  2 vault wardens (D)
  2 draconian shifters (D)
  A draconian zealot (D)
  Aizul (D)
  3 ironheart preservers (D)
  4 stone giants (D)
  2 draconian callers (D)
  A very ugly thing (D)
  8 vampire knights (D)
  A deep elf demonologist (D)
  3 green draconians (D)
  Nessos (D)
  A black draconian (D)
  A spark wasp (D)
  2 deep elf annihilators (D)
  2 white draconians (D)
  A purple draconian (D)
  2 mottled draconians (D)
  2 yellow draconians (D)
  5 red draconians (D)
  2 merfolk javelineers (D)
  6 merfolk impalers (D)
  A minotaur (shapeshifter) (D)
  3 fire dragons (D)
  2 deep elf high priests (D)
  2 ettins (D)
  25 vault guards (D)
  3 deep elf death magi (D)
  2 yaktaur captains (D)
  A death ooze (D)
  2 ogre magi (D)
  2 great orbs of eyes (D)
  A rakshasa (D)
  3 ice dragons (D)
  2 entropy weavers (D)
  Erolcha (D)
  3 naga warriors (D)
  3 merfolk avatars (D)
  6 hydras (D)
  A ghost crab (shapeshifter) (D)
  6 centaur warriors (D)
  An anaconda (D)
  A death knight (D)
  2 merfolk aquamancers (D)
  A deep troll shaman (D)
  A vampire mage (D)
  A naga sharpshooter (D)
  A spriggan berserker (D)
  9 orc high priests (D)
  A shock serpent (D)
  A hell knight (D)
  A deep troll (D)
  7 swamp dragons (D)
  A deep elf archer (D)
  3 orc knights (D)
  2 necromancers (D)
  7 hill giants (D)
  3 ironbrand convokers (D)
  A wizard (D)
  An orc sorcerer (D)
  2 ugly things (D)
  2 griffons (D)
  A manticore (D)
  3 deep elf magi (D)
  A hornet (D)
  3 cyclopes (D)
  6 wolf spiders (D)
  10 moths of wrath (D)
  2 black mambas (D)
  A siren (D)
  Joseph (D)
  6 naga magi (D)
  A torpor snail (D)
  A water nymph (D)
  2 guardian serpents (D)
  4 spiny frogs (D)
  2 komodo dragons (D)
  4 yaktaurs (D)
  3 demonic crawlers (D)
  A freezing wraith (D)
  3 merfolk (D)
  2 jumping spiders (D)
  3 bog bodies (D)
  A slime creature (D)
  A boulder beetle (D)
  A shapeshifter (D)
  4 redbacks (D)
  11 spriggans (D)
  A shadow (D)
  A tarantella (D)
  A wyvern (D)
  Eustachio (D)
  A basilisk (D)
  A yak (D)
  A hippogriff (shapeshifter) (D)
  A mottled dragon (D)
  A hippogriff (D)
  A vampire mosquito (D)
  2 nagas (D)
  A warg (D)
  6 hell hounds (D)
  2 water moccasins (D)
  3 porcupines (D)
  2 swamp drakes (D)
  16 orc warriors (D)
  5 wolves (D)
  2 centaurs (D)
  A boggart (D)
  2 crocodiles (D)
  5 giant frogs (D)
  A killer bee (D)
  A howler monkey (D)
  2 crimson imps (D)
  10 orc priests (D)
  A hound (D)
  3 orc wizards (D)
  2 worker ants (D)
  A sheep (D)
  An adder (D)
  A shadow imp (D)
  7 orcs (D)
  A ball python (D)
  2 bat skeletons (D)
  A giant cockroach (D)
  A goblin (D)
  A hobgoblin (D)
  2 kobolds (D)
  A briar patch (D)
  A crawling corpse (D)
453 creatures vanquished.

Vanquished Creatures (collateral kills)
  An emperor scorpion (D)
  A stone giant (D)
  A wolf spider (D)
3 creatures vanquished.

Vanquished Creatures (others)
  An orc (D)
1 creature vanquished.

Grand Total: 457 creatures vanquished

Notes
Turn   | Place    | Note
--------------------------------------------------------------
     0 | D        | Oddball22 the Minotaur Fighter began the quest for the Orb.
     0 | D        | Reached XP level 1. HP: 19/19 MP: 0/0
    19 | D        | Reached skill level 1 in Dodging
   243 | D        | Noticed a worker ant
   243 | D        | Noticed a worker ant
   243 | D        | Noticed a centaur
   246 | D        | Killed a worker ant
   246 | D        | Reached skill level 5 in Fighting
   246 | D        | Reached XP level 2. HP: 22/29 MP: 1/1
   246 | D        | Reached XP level 3. HP: 27/36 MP: 2/2
   253 | D        | Reached skill level 5 in Armour
   253 | D        | Reached skill level 5 in Shields
   259 | D        | Killed a centaur
   259 | D        | Reached skill level 5 in Axes
   259 | D        | Reached XP level 4. HP: 20/48 MP: 3/3
   259 | D        | Reached XP level 5. HP: 21/53 MP: 4/4
   499 | D        | Found a glowing silver altar of Zin.
   499 | D        | Found a glowing golden altar of the Shining One.
   499 | D        | Found an ancient bone altar of Kikubaaqudgha.
   499 | D        | Found a basalt altar of Yredelemnul.
   499 | D        | Found a shimmering altar of Xom.
   499 | D        | Found a radiant altar of Vehumet.
   500 | D        | Found an iron altar of Okawaru.
   501 | D        | Found a burning altar of Makhleb.
   502 | D        | Found a deep blue altar of Sif Muna.
   503 | D        | Found a bloodstained altar of Trog.
   504 | D        | Found a sparkling altar of Nemelex Xobeh.
   505 | D        | Found a white marble altar of Elyvilon.
   506 | D        | Found a roughly hewn altar of Beogh.
   507 | D        | Found a viscous altar of Jiyva.
   508 | D        | Found a corrupted altar of Lugonu.
   509 | D        | Found a blossoming altar of Fedhas.
   510 | D        | Found a snail-covered altar of Cheibriados.
   511 | D        | Found a shadowy altar of Dithmenos.
   512 | D        | Found a stormy altar of Qazlal.
   513 | D        | Found an opulent altar of Gozag.
   514 | D        | Found a sacrificial altar of Ru.
   515 | D        | Found an oddly glowing altar of Pakellas.
   533 | D        | Became a worshipper of the Shining One
   619 | D        | Noticed a hill giant
   619 | D        | Reached * piety under the Shining One
   619 | D        | Noticed an orc warrior
   619 | D        | Noticed a hill giant
   625 | D        | Killed a hill giant
   625 | D        | Reached XP level 6. HP: 26/68 MP: 4/8
   625 | D        | Reached XP level 7. HP: 28/74 MP: 4/9
   629 | D        | Killed a hill giant
   629 | D        | Reached skill level 5 in Invocations
   629 | D        | Reached XP level 8. HP: 29/85 MP: 4/11
   631 | D        | Reached ** piety under the Shining One
   915 | D        | Noticed a deep elf mage
   915 | D        | Noticed a griffon
   915 | D        | Noticed a cyclops
   915 | D        | Reached *** piety under the Shining One
   921 | D        | Killed a deep elf mage
   921 | D        | Reached skill level 10 in Armour
   921 | D        | Reached skill level 10 in Shields
   929 | D        | Killed a griffon
   929 | D        | Reached skill level 10 in Axes
   929 | D        | Reached XP level 9. HP: 77/95 MP: 10/13
   937 | D        | Killed a cyclops
  1161 | D        | Noticed a komodo dragon
  1161 | D        | Noticed a spiny frog
  1161 | D        | Reached **** piety under the Shining One
  1167 | D        | Killed a komodo dragon
  1170 | D        | Reached skill level 15 in Fighting
  1172 | D        | Noticed a spiny frog
  1175 | D        | Killed a spiny frog
  1194 | D        | Killed a spiny frog
  1474 | D        | Noticed a komodo dragon
  1474 | D        | Reached ***** piety under the Shining One
  1477 | D        | Reached XP level 10. HP: 107/107 MP: 15/15
  1611 | D        | Reached ****** piety under the Shining One
  1701 | D        | Noticed Erolcha
  1715 | D        | Killed Erolcha
  1901 | D        | Noticed an orc knight
  1918 | D        | Killed an orc knight
  1918 | D        | Reached skill level 10 in Invocations
  2147 | D        | Noticed an orc high priest
  2158 | D        | Noticed a sixfirhy
  2175 | D        | Killed an orc high priest
  2175 | D        | Reached XP level 11. HP: 57/117 MP: 17/17
  2450 | D        | Found Lyuzijoll's Assorted Antiques.
  2450 | D        | Noticed an orc high priest
  2450 | D        | Noticed an orc high priest
  2450 | D        | Noticed an orc high priest
  2450 | D        | Noticed an orc high priest
  2454 | D        | Killed an orc high priest
  2460 | D        | Killed an orc high priest
  2467 | D        | Killed an orc high priest
  2472 | D        | Killed an orc high priest
  2472 | D        | Reached skill level 15 in Shields
  2474 | D        | Found Aruph's Food Shoppe.
  2476 | D        | Found Lijiaz's Magic Scroll Emporium.
  2478 | D        | Noticed an orc high priest
  2480 | D        | Found Cigare's Gadget Shoppe.
  2481 | D        | Noticed an orc high priest
  2487 | D        | Noticed an orc high priest
  2488 | D        | Killed an orc high priest
  2492 | D        | Noticed an orc high priest
  2503 | D        | Killed an orc high priest
  2504 | D        | HP: 4/117 [orc priest/divine providence (14)]
  2525 | D        | Killed an orc high priest
  2541 | D        | Killed an orc high priest
  2839 | D        | Noticed Eustachio
  2851 | D        | Killed Eustachio
  2864 | D        | Noticed Joseph
  2877 | D        | Killed Joseph
  2883 | D        | Noticed Gastronok
  2898 | D        | Killed Gastronok
  2898 | D        | Reached skill level 15 in Axes
  2898 | D        | Reached skill level 15 in Armour
  2898 | D        | Reached XP level 12. HP: 95/125 MP: 17/20
  3030 | D        | Got the +9 plate armour of Vuach {rPois rC+ rN+}
  3073 | D        | Noticed a centaur warrior
  3082 | D        | Killed a centaur warrior
  3082 | D        | Reached skill level 5 in Dodging
  3085 | D        | Noticed a stone giant
  3089 | D        | Noticed a stone giant
  3090 | D        | Noticed a stone giant
  3091 | D        | Noticed an ogre mage
  3091 | D        | Noticed a centaur warrior
  3092 | D        | Noticed a deep troll shaman
  3100 | D        | Killed a stone giant
  3101 | D        | Noticed a centaur warrior
  3118 | D        | Killed a stone giant
  3131 | D        | Killed a stone giant
  3137 | D        | Killed an ogre mage
  3141 | D        | Killed a centaur warrior
  3144 | D        | Killed a deep troll shaman
  3147 | D        | Killed a centaur warrior
  3147 | D        | Reached skill level 10 in Dodging
  3456 | D        | Noticed Nessos
  3486 | D        | Killed Nessos
  3501 | D        | Noticed Saint Roka
  3522 | D        | Killed Saint Roka
  3522 | D        | Reached XP level 13. HP: 57/137 MP: 22/22
  3848 | D        | Noticed Aizul
  3867 | D        | Killed Aizul
  4020 | D        | Noticed a merfolk impaler
  4038 | D        | Killed a merfolk impaler
  4286 | D        | Noticed a thorn hunter
  4295 | D        | Killed a thorn hunter
  4295 | D        | Reached skill level 15 in Invocations
  4302 | D        | Reached skill level 15 in Dodging
  4625 | D        | Noticed an ettin
  4626 | D        | Noticed a lich
  4639 | D        | Noticed a minotaur
  4639 | D        | a great orb of eyes changed into a minotaur
  4643 | D        | Killed a minotaur
  4653 | D        | Noticed a Hell Sentinel
  4655 | D        | Killed a lich
  4659 | D        | Noticed a stone giant
  4659 | D        | Reached XP level 14. HP: 149/149 MP: 21/25
  4660 | D        | Noticed a stone giant
  4699 | D        | Killed a stone giant
  4709 | D        | Killed a stone giant
  4762 | D        | HP: 4/151 [centaur warrior/arrow (23)]
  5195 | D        | Noticed a vault warden
  5220 | D        | Killed a vault warden
  5442 | D        | Noticed Norris
  5460 | D        | Killed Norris
  5529 | D        | Noticed Mara
  5538 | D        | Noticed Louise
  5539 | D        | Noticed Oddball22's illusion
  5539 | D        | Killed Mara
  5539 | D        | Reached XP level 15. HP: 162/162 MP: 14/27
  5555 | D        | Killed Louise
  5864 | D        | Noticed Jory
  5896 | D        | Killed Jory
  6005 | D        | Noticed a ghost moth
  6028 | D        | HP: 7/163 [emperor scorpion (6)]
  6042 | D        | Killed a ghost moth
  6080 | D        | Got a gossamer rune of Zot
  6545 | D        | Got a decaying rune of Zot
  6552 | D        | Noticed a greater naga
  6553 | D        | Noticed a greater naga
  6563 | D        | Noticed a greater naga
  6566 | D        | Killed a greater naga
  6580 | D        | Killed a greater naga
  6584 | D        | Noticed a greater naga
  6588 | D        | Killed a greater naga
  6601 | D        | Killed a greater naga
  6621 | D        | Got a serpentine rune of Zot
  6908 | D        | Noticed Ilsuiw
  6933 | D        | Killed Ilsuiw
  6994 | D        | Reached XP level 16. HP: 123/177 MP: 29/29
  7015 | D        | Got a barnacled rune of Zot
  7240 | D        | Noticed Boris
  7246 | D        | Killed Boris
  7505 | D        | Noticed a titan
  7508 | D        | Reached skill level 27 in Dodging
  7518 | D        | Noticed a sphinx
  7531 | D        | Killed a titan
  7538 | D        | Noticed a shadow dragon
  7554 | D        | Killed a sphinx
  7585 | D        | Killed a shadow dragon
  7585 | D        | Reached skill level 27 in Fighting
  7590 | D        | Noticed a shadow dragon
  7593 | D        | Noticed a sphinx
  7605 | D        | Killed a shadow dragon
  7616 | D        | Killed a sphinx
  7815 | D        | Noticed a shadow dragon
  7815 | D        | Noticed a lich
  7815 | D        | Noticed a shadow dragon
  7819 | D        | Noticed a shadow dragon
  7823 | D        | Killed a shadow dragon
  7823 | D        | Killed a lich
  7831 | D        | Reached skill level 27 in Axes
  7831 | D        | Reached XP level 17. HP: 191/191 MP: 21/31
  7862 | D        | Got a silver rune of Zot
  7929 | D        | Noticed Frederick
  7942 | D        | Killed Frederick
  8019 | D        | Noticed Maud
  8029 | D        | Killed Maud
  8072 | D        | Got the ring "Figaam" {Fire Int+2}
  8074 | D        | Got the ring "Zouqoxem" {rElec rF+ rC+ Dex-5 SInv}
  8076 | D        | Got the amulet of the Invisible Hand {Regen+ Int+7}
  8078 | D        | Got the amulet "Cicys" {Fragile +Rage Int+2 Dex+6}
  8080 | D        | Got the amulet of Spontaneous Combustion {Dismiss Fragile rF+ MR++}
  8214 | D        | Got the +5 executioner's axe of Integrity {antimagic, *Drain MR- Str+9 Stlth+}
  8295 | D        | Noticed Agnes
  8304 | D        | Killed Agnes
  8326 | D        | Noticed Nikola
  8335 | D        | Killed Nikola
  8365 | D        | Noticed Mennas
  8385 | D        | Killed Mennas
  8539 | D        | Noticed a bone dragon
  8549 | D        | Killed a bone dragon
  8664 | D        | Reached skill level 27 in Invocations
  8713 | D        | Noticed a tentacled monstrosity
  8724 | D        | Killed a tentacled monstrosity
  8730 | D        | Noticed a golden dragon
  8757 | D        | Reached skill level 1 in Spellcasting
  8776 | D        | Killed a golden dragon
  8877 | D        | Noticed a golden dragon
  8911 | D        | Reached skill level 5 in Spellcasting
  8911 | D        | Reached XP level 18. HP: 119/200 MP: 5/34
  8931 | D        | Killed a golden dragon
  9371 | D        | Learned a level 5 spell: Silence
  9378 | D        | Learned a level 6 spell: Deflect Missiles
  9385 | D        | Learned a level 6 spell: Haste
  9642 | D        | Noticed an Orb Guardian
  9642 | D        | Noticed an Orb Guardian
  9642 | D        | Noticed an Orb Guardian
  9642 | D        | Noticed an Orb Guardian
  9642 | D        | Noticed an Orb Guardian
  9642 | D        | Noticed an Orb Guardian
  9650 | D        | Killed an Orb Guardian
  9656 | D        | Killed an Orb Guardian
  9664 | D        | Killed an Orb Guardian
  9670 | D        | Killed an Orb Guardian
  9677 | D        | Killed an Orb Guardian
  9677 | D        | Reached skill level 10 in Spellcasting
  9684 | D        | Killed an Orb Guardian
  9685 | D        | Noticed an Orb Guardian
  9686 | D        | Noticed an Orb Guardian
  9687 | D        | Noticed an Orb Guardian
  9695 | D        | Killed an Orb Guardian
  9704 | D        | Killed an Orb Guardian
  9706 | D        | Killed an Orb Guardian
  9707 | D        | Noticed an Orb Guardian
  9718 | D        | Killed an Orb Guardian
  9724 | D        | Noticed a golden dragon
  9724 | D        | Noticed an Orb Guardian
  9724 | D        | Noticed an Orb Guardian
  9727 | D        | Noticed an Orb Guardian
  9728 | D        | Killed a golden dragon
  9735 | D        | Noticed an Orb Guardian
  9738 | D        | Killed an Orb Guardian
  9744 | D        | Killed an Orb Guardian
  9744 | D        | Reached skill level 27 in Shields
  9758 | D        | Killed an Orb Guardian
  9761 | D        | Killed an Orb Guardian
  9761 | D        | Reached skill level 27 in Armour
  9770 | D        | Noticed an ancient lich
  9777 | D        | Killed an ancient lich
  9844 | D        | Noticed an orb of fire
  9863 | D        | Gained mutation: You are frail (-10% HP). [an orb of fire]
  9869 | D        | Killed an orb of fire
  9869 | D        | Reached skill level 15 in Spellcasting
  9869 | D        | Reached XP level 19. HP: 104/186 MP: 35/37
  9872 | D        | Noticed an electric golem
  9888 | D        | Killed an electric golem
 10237 | D        | Noticed an orb of fire
 10237 | D        | Noticed an ancient lich
 10237 | D        | Noticed an ancient lich
 10237 | D        | Noticed an ancient lich
 10237 | D        | Noticed an electric golem
 10238 | D        | Gained mutation: Your magical capacity is low (-10% MP). [an orb of fire]
 10239 | D        | Noticed an orb of fire
 10240 | D        | Killed an ancient lich
 10249 | D        | Killed an orb of fire
 10250 | D        | Noticed an ancient lich
 10259 | D        | Killed an ancient lich
 10265 | D        | Killed an ancient lich
 10268 | D        | Noticed an ancient lich
 10273 | D        | Gained mutation: You are weak. (Str -2) [an orb of fire]
 10274 | D        | Noticed an orb of fire
 10274 | D        | Killed an ancient lich
 10278 | D        | Killed an orb of fire
 10285 | D        | Noticed a golden dragon
 10285 | D        | Killed an ancient lich
 10285 | D        | Gained mutation: Potions and wands are less effective at restoring your health. [an orb of fire]
 10301 | D        | HP: 8/279 [orb of fire/fireball (26)]
 10305 | D        | The Shining One protects you from harm!
 10325 | D        | Killed an orb of fire
 10329 | D        | Killed an electric golem
 10357 | D        | Killed a golden dragon
 10831 | D        | Reached XP level 20. HP: 153/194 MP: 43/43
 11126 | D        | Got the Orb of Zot
 11207 | D        | Noticed an ancient lich
 11207 | D        | Noticed an ancient lich
 11211 | D        | Reached skill level 1 in Hexes
 11211 | D        | Reached skill level 1 in Charms
 11211 | D        | Reached skill level 1 in Air Magic
 11217 | D        | Noticed an ancient lich
 11217 | D        | Killed an ancient lich
 11220 | D        | Killed an ancient lich
 11220 | D        | Reached skill level 5 in Hexes
 11220 | D        | Reached skill level 5 in Charms
 11220 | D        | Reached skill level 5 in Air Magic
 11231 | D        | Killed an ancient lich
 11365 | D        | Reached skill level 27 in Spellcasting
 11375 | D        | Reached skill level 10 in Air Magic
 11672 | D        | Got an elven rune of Zot
 11704 | D        | Reached skill level 10 in Hexes
 11704 | D        | Reached skill level 10 in Charms
 11738 | D        | Noticed the Royal Jelly
 11753 | D        | Paralysed by a giant eyeball for 2 turns
 11755 | D        | The Shining One protects you from harm!
 11755 | D        | HP: 5/194 [acid (8)]
 11755 | D        | The Shining One protects you from harm!
 11755 | D        | The Shining One protects you from harm!
 11763 | D        | HP: 7/194 [acid blob/splash of acid (3)]
 11763 | D        | HP: 2/194 [acid (5)]
 11765 | D        | Splashed by an acid blob's acid

Vault maps used:
D:        linesprint

Skill      XL: |  1  2  3  4  5  6  7  8  9 10 11 12 13 14 15 16 17 18 19 20 |
---------------+-------------------------------------------------------------+-----
Fighting       | 5 7 11 12 14 15 17 19 20 22 24 27 | 27.0
Armour         | 4 6 8 9 10 11 13 15 22 27 | 27.0
Shields        | 4 6 8 9 10 11 13 17 23 27 | 27.0
Dodging        | 2 4 12 17 21 24 27 | 27.0
Axes           | 3 5 7 9 10 11 13 15 17 19 21 23 27 | 27.0
Invocations    | 4 5 7 8 10 12 14 16 18 20 23 27 | 27.0
Spellcasting   | 5 15 25 27 | 27.0
Hexes          | 11 | 11.4
Charms         | 11 | 11.4
Air Magic      | 12 | 12.2

Action                   |  1- 3 |  4- 6 |  7- 9 | 10-12 | 13-15 | 16-18 | 19-21 || total
-------------------------+-------+-------+-------+-------+-------+-------+-------++-------
Melee: War axe           |    28 |       |       |       |       |       |       ||    28
       Broad axe         |       |     4 |    71 |   292 |   657 |   735 |   124 ||  1883
       Morningstar       |       |       |       |       |    89 |    11 |   272 ||   372
Invok: Divine Shield     |       |       |     1 |     7 |    16 |    18 |     7 ||    49
       Summon Divine War |       |       |       |     1 |     1 |     1 |     1 ||     4
       Cleansing Flame   |       |       |       |       |     7 |    14 |    27 ||    48
 Abil: Evoke Berserk Rag |       |       |       |       |       |     3 |     3 ||     6
  Use: Potion            |     1 |     1 |       |     9 |    14 |     4 |     5 ||    34
       Scroll            |       |       |     2 |       |     4 |       |     2 ||     8
  Eat: Chunk             |       |       |     2 |     5 |     9 |     6 |     3 ||    25
       Meat ration       |       |       |       |     1 |     1 |     2 |       ||     4
       Bread ration      |       |       |       |       |       |       |     2 ||     2
       Fruit             |       |       |       |       |       |       |     1 ||     1
